 Dungeon Crawl Stone Soup version 0.26-a0-642-g67e99244d3 (webtiles) character file.

Game seed: 10141110230510828857

480 DogServant the Slinger (level 7, -3/45 HPs)
             Began as a Halfling Hunter on Sept 22, 2020.
             Slain by a sky beast (5 damage)
             ... on level 7 of the Dungeon.
             The game lasted 00:10:37 (4955 turns).

DogServant the Slinger (Halfling Hunter)            Turns: 4955, Time: 00:10:37

Health: -3/45      AC:  3    Str: 14    XL:     7   Next: 34%
Magic:  7/7        EV: 16    Int:  9    God:
Gold:   191        SH:  0    Dex: 22    Spells: 6/6 levels left

rFire    . . .     SeeInvis .   a - +1 hunting sling
rCold    . . .     Faith    .   (shield restricted)
rNeg     . . .     Spirit   .   u - +0 leather armour (curse)
rPois    .         Reflect  .   (no helmet)
rElec    .         Harm     .   (no cloak)
rCorr    .         Rampage  .   (no gloves)
MR       .....                  (no boots)
Stlth    +++.......             (no amulet)
HPRegen  0.15/turn              g - ring of flight
MPRegen  0.10/turn              y - +6 ring of dexterity

@: no status effects
A: small, mutation resistance 1
a: Evoke Flight


You were on level 7 of the Dungeon.
You visited 1 branch of the dungeon, and saw 5 of its levels.

You collected 191 gold pieces.

Inventory:

Hand Weapons
 a - a +1 hunting sling (weapon)
 b - a +1 short sword
Missiles
 d - 6 sling bullets (quivered)
 e - 57 stones
 p - a throwing net
 r - 7 poisoned darts
Armour
 c - a +0 leather armour
 u - a cursed +0 leather armour (worn)
Jewellery
 g - a ring of flight (left hand)
 v - an uncursed ring of see invisible
 y - a +6 ring of dexterity (right hand)
Wands
 m - a wand of random effects (24)
 x - a wand of polymorph (3)
Scrolls
 f - a scroll of fog
 h - a scroll of blinking {unknown}
 i - a scroll of enchant armour
 j - 4 scrolls of identify
 l - a scroll of enchant weapon
 o - a scroll of magic mapping {unknown}
 q - 2 scrolls of teleportation
 s - a scroll of fear {unknown}
 t - 2 scrolls of remove curse
Potions
 k - a potion of invisibility {unknown}
 n - a potion of ambrosia {unknown}
 w - a potion of haste {unknown}
 z - a potion of curing {unknown}
 A - a potion of degeneration {unknown}


   Skills:
 - Level 2.1 Fighting
 + Level 3.7 Short Blades
 + Level 8.6 Slings
 + Level 3.3 Dodging
 - Level 3.7 Stealth
 + Level 1.5 Evocations


You had 6 spell levels left.
You didn't know any spells.
Your spell library was empty.

Dungeon Overview and Level Annotations

Branches:
Dungeon (4/15)
 Temple: D:4-7

Altars:
Dithmenos
Kikubaaqudgha

Annotations:
D:4 Grinder


Innate Abilities, Weirdness & Mutations

You are small and have problems with some larger weapons.
You are somewhat resistant to further mutation.


Message History

Okay, then.
A sky beast appears from thin air!
Reactivating autopickup.
a - a +1 hunting sling (weapon)
The sky beast barely misses you.
Firing (i - inventory. (/) - cycle)
d - 8 sling bullets (quivered)
Press: ? - help, Shift-Dir - straight line, f/p - sky beast
Aim: a sky beast (severely wounded)
You shoot a sling bullet.
The sling bullet hits the sky beast but does no damage.
The sky beast is severely wounded.
Firing (i - inventory. (/) - cycle)
d - 7 sling bullets (quivered)
Press: ? - help, Shift-Dir - straight line, f/p - sky beast
Aim: a sky beast (severely wounded)
You shoot a sling bullet.
The sling bullet closely misses the sky beast.
The sky beast hits you.
* * * LOW HITPOINT WARNING * * *
The sky beast shocks you.
You die...

#########
#.......##########
#....>..Y@.......##
#.......#.........#
#.......#.........#
#####.###....?....#
#.###$........#
#..............
#.###########.# #≈#
# #.#


You could see a sky beast.

Vanquished Creatures
  An ogre (D:7)
  A black bear (D:2)
  2 scorpions
  An orc wizard (D:3)
  Ijyb (D:3)
  4 adders
  An ooze (D:1)
  2 worms
  A dart slug (D:1)
  3 leopard geckos
  6 orcs
  8 bats
  3 giant cockroaches (D:1)
  9 goblins
  13 hobgoblins
  7 jackals (D:1)
  3 quokkas
  2 frilled lizards (D:1)
  8 kobolds
  13 rats
89 creatures vanquished.

Notes
Turn   | Place    | Note
-------+----------+-------------------------------------------
     0 | D:1      | DogServant the Halfling Hunter began the quest for the Orb.
     0 | D:1      | Reached XP level 1. HP: 14/14 MP: 1/1
    41 | D:1      | Reached skill level 6 in Slings
    47 | D:1      | Reached XP level 2. HP: 2/19 MP: 2/2
   850 | D:1      | Reached XP level 3. HP: 13/24 MP: 3/3
  1912 | D:2      | Reached XP level 4. HP: 29/29 MP: 4/4
  1984 | D:2      | Reached skill level 7 in Slings
  2058 | D:2      | Noticed a black bear
  2135 | D:2      | Killed a black bear
  2135 | D:2      | Reached XP level 5. HP: 32/34 MP: 5/5
  3107 | D:3      | Noticed Ijyb
  3451 | D:3      | Reached XP level 6. HP: 39/39 MP: 6/6
  3713 | D:3      | Reached skill level 8 in Slings
  3843 | D:3      | Killed Ijyb
  4224 | D:4      | Found a shadowy altar of Dithmenos.
  4239 | D:4      | Noticed Grinder
  4818 | D:4      | Noticed a phantom
  4829 | D:4      | You fall into a shaft and drop 3 floors!
  4834 | D:7      | Reached skill level 1 in Evocations
  4834 | D:7      | Reached XP level 7. HP: 39/45 MP: 7/7
  4847 | D:7      | Noticed a hippogriff
  4904 | D:7      | Found an ancient bone altar of Kikubaaqudgha.
  4955 | D:7      | HP: 2/45 [sky beast (2)]
  4955 | D:7      | Slain by a sky beast

Illustrated notes

Levels and vault maps discovered:
D:1:      ncdulo_lavacross, layout_basic, minmay_unequal
D:2:      minmay_chambers_of_ones, layout_loops_ring
D:3:      layout_basic, uniq_ijyb
D:4:      layout_rooms, lemuel_doored_altar, kennysheep_generic_room_3,
          uniq_robin, uniq_grinder
D:7:      old_forge, layout_basic, kiku_gazebo_garden_becter, serial_shops,
          shop, minmay_nine_imps

Skill      XL: |  1  2  3  4  5  6 |
---------------+-------------------+-----
Slings         | 6 7 8 |  8.6
Fighting       | 2 |  2.1
Short Blades   | 2 3 |  3.7
Stealth        | 2 3 |  3.7
Dodging        | 3 |  3.3
Evocations     | 1 |  1.5

Action                   |  1- 3 |  4- 6 |  7- 9 || total
-------------------------+-------+-------+-------++-------
Melee: Short sword       |   101 |   121 |     9 ||   231
       Unarmed           |       |     8 |       ||     8
 Fire: Hunting sling     |    22 |    34 |    21 ||    77
Throw: Dart              |       |    17 |       ||    17
  Use: Scroll            |     3 |     3 |     2 ||     8
 Stab: Sleeping          |     2 |     9 |       ||    11
Armor: Leather armour    |    18 |    11 |     9 ||    38
       Skin              |       |     1 |       ||     1
Dodge: Dodged            |    99 |   116 |    39 ||   254

Table legend: (Time is in decaauts)
 A = Elapsed time spent in this place.
 B = Non-inter-level travel time spent in this place.
 C = Inter-level travel time spent in this place.
 D = Time resting spent in this place.
 E = Time spent auto-exploring this place.
 F = Levels seen in this place.
 G = Mean time per level.
                   A        B        C        D        E       F      G
               +--------+--------+--------+--------+--------+-----+--------+
         Total |   4933 |   4691 |    242 |   1320 |   2424 |   5 |  986.6 |
       Dungeon |   4933 |   4691 |    242 |   1320 |   2424 |   5 |  986.6 |
               +--------+--------+--------+--------+--------+-----+--------+

Top non-repeatable levels by time:
     D:1: 1852 daAuts
     D:2: 1172 daAuts
     D:3: 1113 daAuts
     D:4: 677 daAuts
     D:7: 118 daAuts
